 Dungeon Crawl Stone Soup version 0.30-a0-782-ge64f9170bb (webtiles) character file.

Game seed: 11993336516683939539

191 HoaS the Shooter (level 5, 0/30 HPs)
             Began as a Gargoyle Hunter on Feb 21, 2023.
             Slain by Sigmund
             ... wielding a +0 scythe
              (5 damage)
             ... on level 3 of the Dungeon.
             The game lasted 00:05:41 (2378 turns).

HoaS the Shooter (Gargoyle Hunter)                  Turns: 2378, Time: 00:05:42

Health: 0/30       AC:  7    Str: 14    XL:     5   Next: 70%
Magic:  5/5        EV:  8    Int: 10    God:
Gold:   88         SH:  0    Dex: 15    Spells: 4/4 levels left

rFire   . . .      SeeInvis .    a - +1 shortbow
rCold   . . .      Faith    .    (shield currently unavailable)
rNeg    + . .      Spirit   .    c - +0 leather armour
rPois   ∞          Reflect  .    (no helmet)
rElec   +          Harm     .    (no cloak)
rCorr   .          Rampage  .    (no gloves)
Will    .....                    (no boots)
Stlth   ++                       (no amulet)
HPRegen 0.25/turn                (no ring)
MPRegen 0.09/turn                (no ring)

@: grasped by roots, constricted
A: sickness immunity, AC +4, negative energy resistance 1, electricity
resistance, torment resistance 1, petrification resistance
a: no special abilities


You were on level 3 of the Dungeon.
You visited 1 branch of the dungeon, and saw 3 of its levels.

You collected 88 gold pieces.

Inventory:

Hand Weapons
 a - a +1 shortbow (weapon)
Missiles
 l - a throwing net
Armour
 c - a +0 leather armour (worn)
Wands
 j - a wand of acid (4)
Scrolls
 b - a scroll of immolation
Potions
 d - a potion of degeneration {unknown}
 e - 2 potions of curing {unknown}
 f - a potion of cancellation {unknown}
 g - 2 potions of heal wounds
 h - a potion of brilliance {unknown}
 i - 2 potions of flight {unknown}
 k - a potion of magic {unknown}


   Skills:
 - Level 2.1 Fighting
 + Level 6.8 Ranged Weapons
 - Level 1.5 Dodging
 - Level 1.1 Stealth


You had 4 spell levels left.
You didn't know any spells.
Your spell library contained the following spells:

 Spells                   Type           Power      Damage    Failure   Level
 Apportation              Tloc           0%         N/A       43%         1
 Necrotise                Necr           0%         1d4       43%         1
 Summon Small Mammal      Summ           0%         N/A       43%         1
 Ensorcelled Hibernation  Hex/Ice        0%         N/A       58%         2
 Passwall                 Tmut/Erth      0%         N/A       58%         2
 Swiftness                Air            0%         N/A       82%         3
 Airstrike                Air            0%         2d(0-16)  99%         4
 Leda's Liquefaction      Hex/Erth       0%         N/A       99%         4
 Summon Lightning Spire   Summ/Air       0%         N/A       99%         4
 Lee's Rapid Deconstruct  Erth           0%         3d4*      100%        5
 Lightning Bolt           Conj/Air       0%         1d11      100%        5
 Statue Form              Tmut/Erth      Unusable   N/A       N/A         6

Dungeon Overview and Level Annotations

Branches:
Dungeon (3/15)

Altars:

Annotations:
D:3 Sigmund


Innate Abilities, Weirdness & Mutations

You are immune to sickness and miasma.
Your stone body is resilient. (AC +4)
You are immune to poison.
You resist negative energy. (rN+)
You are resistant to electric shocks. (rElec)
You are resistant to unholy torment.
You are immune to petrification.


Message History

Deactivating autopickup; reactivate with Ctrl-A.
No target in view!
You shoot an arrow. You shoot an arrow. You shoot an arrow. You shoot an arrow.
A puff of flame appears from out of thin air!
The puff of flame hits you but does no damage.
You shoot an arrow. You shoot an arrow. Something hits you.
You shoot an arrow. Something hits you.
You shoot an arrow.
You hear some strange, mumbled words.
Something tries to affect you, but you resist.
You shoot an arrow. Something hits you but does no damage.
You shoot an arrow. Something hits you but does no damage.
You shoot an arrow. You shoot an arrow. Something hits you.
You shoot an arrow.
You hear a zap.
The roots erupt in riotous growth!
The grasping roots grab you!
You are constricted.
You shoot an arrow. Something hits you.
You are constricted.
You shoot an arrow. Something hits you!
You are constricted.
The grasping roots release their grip on you.
You are too injured to fight recklessly!
You are too injured to fight recklessly!
You are too injured to fight recklessly!
You are too injured to fight recklessly!
You shoot an arrow.
You hear a zap.
The roots erupt in riotous growth!
The grasping roots grab you!
You are constricted.
Something hits you.
* * * LOW HITPOINT WARNING * * *
You are constricted.
You shoot an arrow. You shoot an arrow. Something hits you.
You die... #.........# ........###.....###.# ........+.........#.# ........###.....#...# ....... #.#..###..# ..B.. #.##..#.†.# g.K

#.###...#.#
#g#
#.....{...#
#g#
######@####
#.# #.#
##.##
########.#
##...##
#..)...).#
#.....#
#.########
##...####.#
.....g....#
###########


There were no monsters in sight!

Vanquished Creatures
  Jessica (D:3)
  6 gnolls (D:3)
  2 adders
  6 worms
  3 dart slugs
  2 orcs (D:3)
  8 ball pythons
  6 endoplasms (D:1)
  3 giant cockroaches
  4 goblins
  6 hobgoblins
  4 kobolds
  3 quokkas
  4 bats
  3 frilled lizards
  5 rats
66 creatures vanquished.

Vanquished Creatures (others)
  A plant (D:1)
1 creature vanquished.

Grand Total: 67 creatures vanquished

Notes
Turn   | Place    | Note
-------+----------+-------------------------------------------
     0 | D:1      | HoaS the Gargoyle Hunter began the quest for the Orb.
     0 | D:1      | Reached XP level 1. HP: 12/12 MP: 1/1
    85 | D:1      | Reached XP level 2. HP: 16/17 MP: 2/2
   308 | D:1      | Reached XP level 3. HP: 21/21 MP: 3/3
   370 | D:1      | Reached skill level 5 in Ranged Weapons
  1144 | D:2      | Reached XP level 4. HP: 26/26 MP: 4/4
  1788 | D:3      | Noticed Jessica
  1798 | D:3      | Killed Jessica
  1799 | D:3      | Reached skill level 6 in Ranged Weapons
  1799 | D:3      | Reached XP level 5. HP: 29/30 MP: 5/5
  1885 | D:3      | Noticed Sigmund
  2378 | D:3      | Slain by Sigmund

Illustrated notes

Levels and vault maps discovered:
D:1:      elethiomel_arrival_infinity_welcomes_careful_drivers, layout_basic,
          serial_bayou_ford_a, nicolae_wormholes
D:2:      layout_rooms, serial_curves, eino_curves_03, eino_curves_02
D:3:      layout_loops_corners, zin_angel, uniq_sigmund, uniq_jessica

Skill      XL: |  1  2  3  4 |
---------------+-------------+-----
Ranged Weapons | 5 6 |  6.8
Fighting       | |  2.1
Dodging        | |  1.5
Stealth        | |  1.1

Action                     |  1- 3 |  4- 6 || total
---------------------------+-------+-------++-------
   Fire: Shortbow          |   105 |   122 ||   227
    Use: Scroll            |     1 |     4 ||     5
 Armour: Leather armour    |    17 |    14 ||    31
  Dodge: Dodged            |    23 |    20 ||    43

Table legend: (Time is in decaauts)
 A = Elapsed time spent in this place.
 B = Non-inter-level travel time spent in this place.
 C = Inter-level travel time spent in this place.
 D = Time resting spent in this place.
 E = Time spent auto-exploring this place.
 F = Levels seen in this place.
 G = Mean time per level.
                   A        B        C        D        E       F      G
               +--------+--------+--------+--------+--------+-----+--------+
         Total |   2449 |   2407 |     42 |    354 |   1600 |   3 |  816.3 |
       Dungeon |   2449 |   2407 |     42 |    354 |   1600 |   3 |  816.3 |
               +--------+--------+--------+--------+--------+-----+--------+

Top non-repeatable levels by time:
     D:1: 1053 daAuts
     D:2: 740 daAuts
     D:3: 655 daAuts
